[ AOE2 MATCH · #480483095 ]
UnrankedItalians vs Franks
Player's team · WIN
Rival team · LOSS
[ REPLAY ANALYSIS · EXTRACTED FROM THE RECORDED GAME ]
Feudal
10:33
Castle
23:21
Imperial
37:17
| APM avg | 39.9 |
| APM peak | 90 |
| eAPM avg | 19.2 |
| Villagers / military | 155 / 185 |
Focus
⚔️ 35.6% · 🌾 64.4%
Archer ×85 · Genoese Crossbowman ×68 · Unknown (882) ×61 · Spearman ×21 · Fishing Ship ×14 · Bombard Cannon ×3
Feudal
11:34
Castle
20:09
Imperial
38:00
| APM avg | 38.7 |
| APM peak | 72 |
| eAPM avg | 19.9 |
| Villagers / military | 146 / 223 |
Focus
⚔️ 43.5% · 🌾 56.5%
Skirmisher ×143 · Knight ×43 · Scorpion ×9 · Mangonel ×7 · Fishing Ship ×6 · Scout Cavalry ×5
Match map
Initial resources + every placement click. Lines = walls · curves = elevation contours. ◆ gold · ⬟ stone · ● berries · ✦ relic · ◌ wall gap
Your base· ✓ Closed at 23:21 · 31t walls · no gate
karbiit's base· Open — unwalled flank
Smoothed initial terrain · ◌ = detected wall gap · hover for details
Inputs per minute
— TmZ_SECUTOR - - karbiit
Build order — TmZ_SECUTOR
First 150 of 438 actions detected
| 0:01 | Create | Villager (Male) |
| 0:01 | Create | Villager (Male) |
| 0:01 | Create | Villager (Male) |
| 0:02 | Build | House |
| 0:04 | Build | House |
| 0:32 | Create | Villager (Male) |
| 1:27 | Create | Villager (Male) |
| 1:50 | Build | Lumber Camp |
| 2:01 | Create | Villager (Male) |
| 2:20 | Create | Villager (Male) |
| 2:49 | Create | Villager (Male) |
| 3:11 | Create | Villager (Male) |
| 3:23 | Build | House |
| 3:36 | Create | Villager (Male) |
| 3:56 | Create | Villager (Male) |
| 4:36 | Build | Dock |
| 4:38 | Create | Villager (Male) |
| 4:51 | Create | Villager (Male) |
| 5:14 | Build | House |
| 5:19 | Create | Fishing Ship |
| 5:23 | Create | Villager (Male) |
| 5:23 | Create | Villager (Male) |
| 6:15 | Create | Villager (Male) |
| 6:16 | Create | Villager (Male) |
| 6:20 | Create | Villager (Male) |
| 6:20 | Create | Villager (Male) |
| 6:25 | Create | Fishing Ship |
| 6:51 | Build | House |
| 7:32 | Create | Villager (Male) |
| 7:34 | Create | Fishing Ship |
| 7:37 | Create | Fishing Ship |
| 7:42 | Research | Loom |
| 8:21 | Research | Feudal Age |
| 8:29 | Build | Lumber Camp |
| 8:42 | Build | Mining Camp |
| 8:44 | Create | Villager (Male) |
| 8:45 | Create | Villager (Male) |
| 9:17 | Build | House |
| 10:07 | Build | Barracks |
| 10:31 | Create | Villager (Male) |
| 10:33 | Age | Feudal Age |
| 10:54 | Build | Archery Range |
| 11:02 | Research | Double-Bit Axe |
| 11:11 | Create | Fishing Ship |
| 11:23 | Create | Unit 2626 |
| 11:28 | Create | Villager (Male) |
| 11:34 | Build | Archery Range |
| 11:36 | Create | Archer |
| 11:37 | Create | Archer |
| 11:45 | Create | Spearman |
| 12:02 | Build | House |
| 12:17 | Create | Villager (Male) |
| 12:18 | Create | Archer |
| 12:19 | Create | Archer |
| 12:23 | Build | House |
| 12:29 | Build | Palisade Wall |
| 12:39 | Create | Spearman |
| 12:51 | Create | Villager (Male) |
| 12:51 | Create | Villager (Male) |
| 13:02 | Build | House |
| 13:04 | Build | Palisade Wall |
| 13:07 | Create | Archer |
| 13:07 | Create | Archer |
| 13:08 | Create | Villager (Male) |
| 13:08 | Create | Villager (Male) |
| 13:14 | Create | Spearman |
| 13:24 | Build | Mill |
| 13:28 | Create | Villager (Male) |
| 13:46 | Create | Archer |
| 13:46 | Create | Archer |
| 13:54 | Build | Blacksmith |
| 13:58 | Build | House |
| 14:00 | Build | Palisade Wall |
| 14:07 | Create | Archer |
| 14:07 | Create | Archer |
| 14:39 | Create | Galley |
| 14:40 | Create | Galley |
| 14:55 | Build | Dock |
| 14:59 | Create | Villager (Male) |
| 15:00 | Create | Villager (Male) |
| 15:02 | Create | Archer |
| 15:02 | Create | Archer |
| 15:05 | Build | House |
| 15:12 | Build | House |
| 15:13 | Build | House |
| 15:18 | Research | Fletching |
| 15:29 | Create | Villager (Male) |
| 15:56 | Create | Spearman |
| 16:12 | Create | Villager (Male) |
| 16:25 | Create | Villager (Male) |
| 16:27 | Create | Archer |
| 16:28 | Create | Archer |
| 16:52 | Create | Fishing Ship |
| 16:53 | Create | Fishing Ship |
| 16:58 | Build | Dock |
| 17:02 | Create | Villager (Male) |
| 17:19 | Create | Villager (Male) |
| 17:23 | Build | House |
| 17:25 | Build | Palisade Wall |
| 17:40 | Create | Villager (Male) |
| 17:52 | Research | Horse Collar |
| 17:55 | Build | Farm |
| 17:55 | Build | Farm |
| 17:56 | Build | Farm |
| 18:04 | Build | Market |
| 18:27 | Create | Villager (Male) |
| 18:27 | Create | Villager (Male) |
| 18:28 | Create | Villager (Male) |
| 18:48 | Build | House |
| 18:58 | Build | Dock |
| 18:59 | Build | Dock |
| 19:05 | Create | Archer |
| 19:05 | Create | Archer |
| 19:51 | Create | Villager (Male) |
| 19:51 | Create | Villager (Male) |
| 20:20 | Research | Castle Age |
| 20:27 | Build | Lumber Camp |
| 20:32 | Build | Mining Camp |
| 20:49 | Create | Archer |
| 20:49 | Create | Archer |
| 20:55 | Build | Palisade Wall |
| 20:57 | Build | Palisade Wall |
| 20:58 | Build | Palisade Wall |
| 21:05 | Build | Farm |
| 22:08 | Create | Villager (Male) |
| 22:09 | Create | Villager (Male) |
| 22:09 | Create | Villager (Male) |
| 22:22 | Build | Stone Wall |
| 22:27 | Research | Stone Mining |
| 22:30 | Create | Spearman |
| 22:31 | Create | Spearman |
| 22:41 | Create | Fire Galley |
| 22:43 | Create | Villager (Male) |
| 22:45 | Create | Archer ×5 |
| 22:49 | Build | House |
| 22:58 | Build | House |
| 23:02 | Create | Fishing Ship |
| 23:02 | Create | Fishing Ship |
| 23:03 | Create | Fishing Ship |
| 23:03 | Create | Fishing Ship |
| 23:04 | Create | Fishing Ship |
| 23:21 | Age | Castle Age |
| 23:24 | Research | Crossbowman (upgrade) |
| 23:27 | Create | Archer |
| 23:27 | Create | Archer |
| 23:30 | Create | Archer ×3 |
| 23:48 | Research | Tech 906 |
| 23:58 | Build | House |
| 24:00 | Build | House |
| 24:05 | Build | House |
Build order — karbiit
First 150 of 513 actions detected
| 0:02 | Create | Villager (Male) |
| 0:02 | Create | Villager (Male) |
| 0:03 | Build | House |
| 0:05 | Build | House |
| 0:28 | Create | Villager (Male) |
| 0:29 | Create | Villager (Male) |
| 0:29 | Create | Villager (Male) |
| 1:38 | Create | Villager (Male) |
| 1:38 | Create | Villager (Male) |
| 2:04 | Create | Villager (Male) |
| 2:23 | Create | Villager (Male) |
| 2:24 | Create | Villager (Male) |
| 2:56 | Create | Villager (Male) |
| 3:15 | Create | Villager (Male) |
| 3:22 | Build | House |
| 3:44 | Create | Villager (Male) |
| 3:48 | Build | Lumber Camp |
| 4:18 | Create | Villager (Male) |
| 4:43 | Create | Villager (Male) |
| 4:52 | Build | Dock |
| 5:10 | Create | Villager (Male) |
| 5:12 | Research | Loom |
| 5:45 | Build | House |
| 5:49 | Create | Fishing Ship |
| 6:00 | Create | Villager (Male) |
| 6:17 | Build | House |
| 6:24 | Create | Villager (Male) |
| 6:36 | Create | Fishing Ship |
| 6:51 | Create | Villager (Male) |
| 6:56 | Build | Palisade Wall |
| 6:57 | Build | Palisade Wall |
| 6:58 | Build | Palisade Wall |
| 7:14 | Create | Villager (Male) |
| 7:28 | Build | Mill |
| 7:35 | Build | Mill |
| 7:38 | Create | Villager (Male) |
| 7:50 | Create | Fishing Ship |
| 8:06 | Create | Villager (Male) |
| 8:35 | Create | Villager (Male) |
| 8:38 | Build | Dock |
| 9:12 | Build | House |
| 9:16 | Create | Fishing Ship |
| 9:17 | Create | Fishing Ship |
| 9:24 | Research | Feudal Age |
| 10:02 | Build | Barracks |
| 10:24 | Build | Lumber Camp |
| 10:54 | Create | Villager (Male) |
| 11:02 | Build | House |
| 11:20 | Build | Palisade Gate |
| 11:30 | Create | Fishing Ship |
| 11:34 | Age | Feudal Age |
| 11:44 | Build | Stable |
| 11:46 | Create | Villager (Male) |
| 12:00 | Build | Palisade Wall |
| 12:17 | Create | Villager (Male) |
| 12:30 | Build | Mining Camp |
| 12:33 | Create | Villager (Male) |
| 12:46 | Build | Archery Range |
| 12:48 | Create | Scout Cavalry |
| 12:48 | Create | Scout Cavalry |
| 12:49 | Create | Scout Cavalry |
| 13:06 | Create | Unit 2626 |
| 13:06 | Create | Unit 2626 |
| 13:12 | Create | Villager (Male) |
| 13:26 | Create | Villager (Male) |
| 13:40 | Create | Unit 2626 |
| 13:43 | Create | Villager (Male) |
| 13:50 | Build | House |
| 13:53 | Build | House |
| 14:12 | Build | Farm |
| 14:14 | Create | Skirmisher |
| 14:14 | Create | Skirmisher |
| 14:17 | Build | House |
| 14:37 | Research | Gold Mining |
| 14:37 | Research | Gold Mining |
| 14:40 | Build | House |
| 14:42 | Build | Palisade Wall |
| 14:53 | Build | House |
| 14:55 | Create | Villager (Male) |
| 15:09 | Create | Scout Cavalry |
| 15:17 | Create | Villager (Male) |
| 15:20 | Build | Mill |
| 15:32 | Build | Farm |
| 15:36 | Create | Villager (Male) |
| 15:54 | Build | House |
| 15:57 | Build | Farm |
| 15:58 | Build | Farm |
| 16:15 | Build | Farm |
| 16:20 | Create | Villager (Male) |
| 16:23 | Create | Scout Cavalry |
| 16:23 | Create | Skirmisher |
| 16:24 | Create | Skirmisher |
| 16:26 | Build | House |
| 16:55 | Create | Galley |
| 16:58 | Create | Villager (Male) |
| 17:13 | Create | Galley |
| 17:18 | Build | House |
| 17:27 | Build | Farm |
| 17:29 | Research | Castle Age |
| 17:34 | Research | Double-Bit Axe |
| 18:00 | Build | Watch Tower |
| 18:04 | Create | Skirmisher |
| 18:05 | Create | Skirmisher |
| 18:22 | Create | Skirmisher |
| 18:22 | Create | Skirmisher |
| 18:46 | Build | House |
| 18:53 | Build | House |
| 18:55 | Build | House |
| 18:58 | Create | Skirmisher |
| 18:58 | Create | Skirmisher |
| 19:16 | Build | Stable |
| 19:57 | Build | Farm |
| 19:59 | Build | Farm |
| 20:09 | Age | Castle Age |
| 20:13 | Create | Knight |
| 20:14 | Create | Knight |
| 20:16 | Create | Knight |
| 20:16 | Create | Knight |
| 20:16 | Create | Knight |
| 20:46 | Build | Outpost |
| 20:56 | Create | Knight |
| 21:21 | Create | Villager (Male) |
| 21:22 | Create | Villager (Male) |
| 21:38 | Build | Blacksmith |
| 22:20 | Create | Villager (Male) |
| 22:20 | Create | Villager (Male) |
| 22:31 | Create | Knight |
| 22:31 | Create | Knight |
| 22:41 | Build | House |
| 22:42 | Create | Villager (Male) |
| 23:03 | Research | Scale Barding Armor |
| 23:05 | Build | Farm |
| 23:06 | Create | Villager (Male) |
| 23:20 | Build | Farm |
| 23:20 | Create | Villager (Male) |
| 23:35 | Create | Knight |
| 23:40 | Create | Villager (Male) |
| 24:10 | Build | Market |
| 24:19 | Build | Siege Workshop |
| 24:19 | Create | Villager (Male) |
| 24:20 | Create | Villager (Male) |
| 24:27 | Create | Villager (Male) |
| 24:58 | Create | Villager (Male) |
| 25:03 | Build | Mining Camp |
| 25:12 | Create | Villager (Male) |
| 25:15 | Create | Scorpion |
| 25:15 | Create | Scorpion |
| 25:16 | Build | House |
| 25:17 | Create | Villager (Male) |
| 25:17 | Create | Villager (Male) |
Match timeline
| 4:36 | TmZ_SECUTOR · first_building Dock |
| 4:52 | karbiit · first_building Dock |
| 6:56 | karbiit · wall_segment Palisade Wall x1 |
| 6:57 | karbiit · wall_segment Palisade Wall x1 |
| 6:58 | karbiit · wall_segment Palisade Wall x1 |
| 10:02 | karbiit · first_building Barracks |
| 10:07 | TmZ_SECUTOR · first_building Barracks |
| 10:33 | TmZ_SECUTOR · age_up feudal |
| 10:54 | TmZ_SECUTOR · first_building Archery Range |
| 11:34 | karbiit · age_up feudal |
| 11:44 | karbiit · first_building Stable |
| 12:00 | karbiit · wall_segment Palisade Wall x1 |
| 12:29 | TmZ_SECUTOR · wall_segment Palisade Wall x1 |
| 12:46 | karbiit · first_building Archery Range |
| 13:04 | TmZ_SECUTOR · wall_segment Palisade Wall x4 |
| 14:00 | TmZ_SECUTOR · wall_segment Palisade Wall x4 |
| 14:42 | karbiit · wall_segment Palisade Wall x1 |
| 17:25 | TmZ_SECUTOR · wall_segment Palisade Wall x1 |
| 20:09 | karbiit · age_up castle |
| 20:14 | TmZ_SECUTOR · first_market_buy 500 food |
| 20:17 | TmZ_SECUTOR · first_market_sell 500 wood |
| 20:55 | TmZ_SECUTOR · wall_segment Palisade Wall x9 |
| 20:57 | TmZ_SECUTOR · wall_segment Palisade Wall x2 |
| 20:58 | TmZ_SECUTOR · wall_segment Palisade Wall x5 |
| 22:22 | TmZ_SECUTOR · wall_segment Stone Wall x7 |
| 23:21 | TmZ_SECUTOR · age_up castle |
| 24:19 | karbiit · first_building Siege Workshop |
| 25:35 | TmZ_SECUTOR · first_building Castle |
| 26:13 | TmZ_SECUTOR · wall_segment Stone Wall x1 |
| 28:38 | TmZ_SECUTOR · first_building Siege Workshop |
| 30:45 | karbiit · first_building Monastery |
| 33:49 | karbiit · first_building Castle |
| 34:05 | karbiit · first_market_sell 100 food |
| 37:17 | TmZ_SECUTOR · age_up imperial |
| 38:00 | karbiit · age_up imperial |
| 45:56 | karbiit · first_market_buy 100 food |
| 48:31 | TmZ_SECUTOR · wall_segment Stone Wall x9 |
| 49:10 | TmZ_SECUTOR · wall_segment Stone Wall x4 |
| 49:13 | TmZ_SECUTOR · wall_segment Stone Wall x7 |
| 49:14 | TmZ_SECUTOR · wall_segment Stone Wall x1 |
| 57:35 | TmZ_SECUTOR · first_building Monastery |
| 58:36 | karbiit · resign |
[ AI ANALYSIS · 1 CREDIT ]
What really happened in this match?
Wolo.gg analyzes every decision: build order, eco, micro, common mistakes by bracket. Personalized analysis on WhatsApp or Discord in 30 seconds.
Civ guide
Italians
Perfil
Jugador #337839